Match 35107445
Unlisted

Match 35107445
End
Construct Infanterie Kompanie
Kettenkrad Recon Vehicle
Selects Breakthrough Battlegroup
Selects Assault Grenadiers
MG 42 Machine Gun Team
Grenadier Squad
GrW 34 Mortar Team
Selects Breakthrough
Sniper
Medical Station
Construct Luftwaffe Kompanie
Selects Mechanized Assault Group
Mechanized Assault Group
Selects Rapid Production
Support Elements
Wirbelwind Flakpanzer
Construct Panzergrenadier Kompanie
Pak 40 Anti-tank Gun Team
Nebelwerfer 42 Rocket Launcher Team
Construct Panzer Kompanie
Selects Blitzkrieg
MG 42 Bunker
Breakthrough
MG 42 Bunker
MG 42 Bunker
Panzer IV Medium Tank
Atomic Floyd
deadsadbadmad
RockingRuler
8973iefhbw
0
0

Comments sign in to comment!

No comments posted yet!